Map: World of Sleepers LE

Players

Clem

  • Race: Terran Terran
  • League: Master
  • Spawn Location: 7:00

GOReynor (Reynor) - Winner!

  • Race: Zerg Zerg
  • League: Master
  • Spawn Location: 1:00

Event: NationWars 2019

VOD

Have the link to the VOD?

Description

Time

  • Played on: Dec. 8, 2019, 12:52 p.m.
  • Length: 14:37

All games in this series

Show
View Real Time Build Order
Export as new Build Order

Clem Terran 

Build Orders: Liberator Opening, Reaper Expand 

Get SALT Encoding   

  12  0:00  SCV  
  13  0:12  SCV  
  14  0:17  Supply Depot  
  14  0:25  SCV  
  15  0:38  SCV  
  15  0:40  Barracks  
  16  0:43  Refinery  
  16  0:50  SCV  
  17  1:02  SCV  
  18  1:14  SCV  
  19  1:28  Orbital Command, Reaper  
  20  1:40  Command Center  
  20  1:49  Supply Depot  
  20  1:55  SCV  
  20  2:00  Marine  
  22  2:07  SCV  
  23  2:09  Factory  
  23  2:17  Refinery  
  23  2:19  SCV  
  23  2:20  Barracks Reactor  
  24  2:31  SCV  
  25  2:44  SCV  
  26  2:54  Orbital Command, Starport  
  26  2:56  SCV  
  27  3:01  Hellion x2  
  31  3:06  Barracks Tech Lab  
  31  3:08  SCV  
  32  3:14  Liberator  
  32  3:20  SCV x2  
  32  3:23  Hellion x2  
  32  3:24  Supply Depot  
  38  3:33  SCV  
  42  3:35  SCV  
  43  3:44  Stimpack  
  43  3:45  SCV  
  43  3:47  SCV  
  45  3:49  Supply Depot  
  45  3:50  Hellion  
  45  3:53  Hellion  
  49  3:57  SCV  
  49  3:59  SCV  
  51  4:12  SCV, Command Center  
  51  4:17  Starport Reactor  
  52  4:19  SCV  
  52  4:23  Marine  
  52  4:24  Factory Tech Lab  
  54  4:26  Supply Depot  
  54  4:27  Barracks  
  54  4:33  Barracks, SCV  
  54  4:36  SCV  
  56  4:41  Engineering Bay  
  56  4:42  Engineering Bay  
  56  4:46  SCV  
  56  4:48  SCV  
  58  4:58  SCV  
  59  5:00  SCV  
  59  5:02  Siege Tank, Refinery  
  59  5:03  Refinery  
  59  5:06  Starport Reactor  
  61  5:10  SCV, Marine  
  61  5:12  SCV  
  53  5:21  Marine x2  
  53  5:22  SCV  
  53  5:24  Orbital Command, Terran Infantry Weapons Level 1, Terran Infantry Armor Level 1  
  53  5:25  SCV, Marine x2  
  59  5:32  Marine  
  59  5:34  SCV  
  59  5:35  Combat Shield  
  61  5:37  SCV  
  61  5:39  Marine  
  61  5:42  Marine  
  64  5:43  Medivac x2, Marine  
  64  5:46  Orbital Command, SCV  
  64  5:47  Marine  
  64  5:49  SCV  
  72  5:53  Marine  
  72  5:56  Supply Depot  
  73  5:58  SCV, Supply Depot  
  73  6:01  SCV, Marine  
  73  6:02  Marine x2  
  73  6:03  Supply Depot  
  78  6:05  Siege Tank  
  81  6:12  SCV  
  81  6:13  SCV, Marine x2  
  81  6:18  SCV  
  86  6:19  Marine  
  86  6:24  SCV, Marine x2  
  90  6:25  Supply Depot  
  90  6:30  Barracks  
  90  6:31  Barracks, Armory  
  90  6:36  SCV x2  
  90  6:38  Marine x2  
  90  6:39  Siege Tank  
  97  6:40  SCV  
  98  6:47  Marine  
  98  6:48  SCV, Supply Depot, Marine  
  98  6:50  Marine  
  98  6:52  SCV  
  99  6:58  Marine x2  
  99  7:00  SCV  
  102  7:05  Barracks, Marine x2  
  102  7:06  Barracks  
  102  7:07  Barracks  
  103  7:10  Marine  
  103  7:12  SCV x2  
  103  7:13  Supply Depot  
  106  7:16  Marine  
  106  7:17  Siege Tank  
  106  7:18  SCV, Medivac  
  106  7:19  Marine  
  106  7:21  Barracks Reactor x2  
  113  7:24  SCV  
  113  7:28  Terran Infantry Weapons Level 2  
  114  7:30  Terran Infantry Armor Level 2  
  114  7:34  Marine x2  
  114  7:35  Supply Depot  
  116  7:40  Marine  
  116  7:42  Supply Depot  
  116  7:43  Medivac, Terran Vehicle Weapons Level 1  
  119  7:44  Marine  
  121  7:52  Marine  
  121  7:56  Barracks Reactor x3  
  121  7:57  Marine x3  
  124  8:00  Supply Depot  
  124  8:02  Marine x2  
  124  8:04  Marine x2  
  128  8:06  Siege Tank  
  128  8:07  Marine  
  128  8:10  Command Center  
  132  8:16  Supply Depot  
  132  8:17  Marine x4  
  136  8:20  Marine  
  136  8:21  Marine  
  136  8:22  Marine x2  
  136  8:25  Marine  
  141  8:31  Medivac x2  
  141  8:33  Marine x5  
  150  8:35  Supply Depot, Marine x3  
  150  8:41  Siege Tank  
  150  8:43  Marine  
  150  8:47  Marine  
  155  8:54  Marine  
  155  8:55  Marine  
  138  8:58  Marine  
  138  8:59  Marine x2  
  138  9:01  Medivac  
  138  9:02  Marine x2  
  127  9:03  Marine x2  
  127  9:05  Marine x3  
  127  9:06  Marine x2  
  134  9:11  SCV x3, Refinery  
  134  9:12  Marine, Refinery  
  134  9:13  Marauder  
  134  9:14  Siege Tank  
  134  9:15  Marine  
  134  9:16  Marine  
  145  9:17  Marine x2  
  145  9:23  Supply Depot  
  146  9:27  SCV x2  
  146  9:28  SCV, Marine x2  
  146  9:29  Marine  
  152  9:34  Marine  
  152  9:36  Marine x3  
  152  9:37  Marine x3  
  154  9:40  Marine x3  
  154  9:41  Marine  
  156  9:46  Siege Tank, Marine  
  156  9:49  Marine  
  148  9:57  Marine x4  
  128  10:01  Marine  
  128  10:03  Marine  
  128  10:05  SCV  
  128  10:06  SCV  
  121  10:07  Marine  
  121  10:08  SCV  
  123  10:15  Marine x2  
  123  10:17  SCV  
  123  10:18  SCV, Siege Tank  
  123  10:19  Marine  
  128  10:25  Marine x4  
  128  10:26  Marine x3  
  115  10:28  Marine x2  
  115  10:29  Marine  
  115  10:33  Medivac x2, Marine x2  
  122  10:47  Marine  
  122  10:50  Siege Tank  
  122  10:51  Command Center  
  122  10:52  Marine  
  122  10:54  Marine x3  
  119  10:59  Marine x2  
  119  11:01  Marine x5  
  119  11:02  Medivac  
  120  11:05  Medivac, Marine  
  120  11:06  Marine x2  
  120  11:07  Terran Infantry Weapons Level 3  
  120  11:10  Marine x2  
  127  11:14  Marine x2  
  129  11:23  SCV, Starport x2  
  130  11:31  Siege Tank, Marine x2  
  120  11:33  Medivac  
  120  11:35  Medivac, Refinery  
  120  11:37  Marine x5  
  120  11:38  Marine  
  130  11:41  Marine  
  130  11:42  Marine x2  
  132  11:50  Liberator  
  132  11:51  Liberator  
  132  11:52  Liberator  
  131  11:54  Marine  
  131  11:55  Marine  
  131  11:57  Marine x2  
  130  12:01  Marine x2  
  130  12:02  Marine  
  130  12:03  Siege Tank  
  121  12:12  Marine  
  121  12:13  Marine  
  128  12:18  Marine x3  
  128  12:19  Marine x3  
  134  12:35  Siege Tank, Marine x2  
  134  12:36  Liberator, Marine x2  
  141  12:37  Liberator  
  141  12:40  Missile Turret  
  141  12:42  Missile Turret  
  141  12:48  Liberator  
  141  12:49  Liberator  
  141  12:50  Marauder, Marine x2  
  130  13:07  Siege Tank  
  130  13:11  Marine x2, Refinery, Marauder  
  142  13:22  Marine x2  
  142  13:23  Liberator x2  
  133  13:31  Liberator  
  133  13:33  Marauder  
  133  13:34  Marine x2  
  136  13:39  Siege Tank  
  135  13:43  Orbital Command  
  135  13:47  Marine x2  
  135  13:48  Marine x2  
  139  13:49  Marine  
  139  13:54  Marauder  
  132  13:59  SCV  
  132  14:01  SCV  
  108  14:11  SCV  
  108  14:12  SCV  
Show
View Real Time Build Order
Export as new Build Order

GOReynor Zerg - Winner!

Build Orders: Hatch First, Lurkers 

Get SALT Encoding   

  12  0:00  Drone  
  13  0:12  Overlord  
  13  0:16  Drone  
  14  0:30  Drone x2  
  16  0:47  Hatchery  
  15  0:51  Drone  
  15  0:54  Drone  
  17  0:58  Drone  
  18  1:09  Extractor  
  17  1:13  Spawning Pool  
  17  1:16  Drone  
  17  1:20  Drone  
  18  1:27  Drone  
  19  1:38  Drone  
  20  1:48  Overlord  
  20  2:00  Queen x2  
  20  2:01  Zergling x4  
  26  2:10  Drone  
  26  2:11  Drone  
  28  2:20  Drone  
  28  2:21  Drone  
  30  2:27  Hatchery  
  29  2:31  Drone  
  29  2:33  Drone  
  31  2:37  Metabolic Boost  
  31  2:45  Queen  
  31  2:49  Overlord  
  33  2:51  Drone  
  33  2:54  Drone  
  33  2:56  Drone  
  36  3:08  Drone x4  
  36  3:09  Drone  
  40  3:13  Overlord  
  40  3:20  Zergling x2, Queen  
  43  3:30  Overlord  
  43  3:32  Zergling x2  
  44  3:35  Drone  
  44  3:40  Queen  
  49  3:41  Drone x2  
  49  3:45  Zergling x2  
  49  3:46  Overlord  
  49  3:48  Drone x2  
  52  3:52  Zergling x2  
  52  3:53  Zergling x4  
  52  3:55  Overlord  
  55  3:56  Drone  
  55  3:57  Queen  
  55  4:00  Drone  
  55  4:02  Drone  
  60  4:06  Overlord  
  60  4:10  Drone  
  60  4:13  Drone  
  60  4:14  Spore Crawler  
  60  4:16  Drone  
  62  4:20  Drone  
  62  4:22  Spore Crawler, Drone x2  
  64  4:24  Spore Crawler  
  64  4:29  Overlord  
  64  4:30  Zergling x4  
  64  4:31  Overlord  
  65  4:32  Drone  
  65  4:33  Drone  
  65  4:34  Drone  
  65  4:36  Drone  
  65  4:37  Drone  
  70  4:46  Zergling x4  
  70  4:48  Overlord  
  70  4:49  Drone x3  
  70  4:50  Drone x2  
  70  4:51  Drone  
  77  4:55  Evolution Chamber  
  77  4:56  Evolution Chamber  
  77  4:57  Overlord  
  75  5:00  Drone  
  75  5:07  Overlord  
  75  5:11  Drone x5  
  75  5:14  Drone  
  77  5:20  Overlord  
  76  5:23  Drone  
  76  5:24  Drone, Extractor  
  76  5:25  Drone x2, Overlord  
  76  5:27  Extractor  
  78  5:33  Zergling x6  
  78  5:34  Zerg Melee Weapons Level 1, Zerg Ground Armor Level 1  
  81  5:44  Drone x2  
  81  5:45  Drone  
  81  5:48  Hatchery  
  81  5:49  Extractor  
  83  5:50  Drone x3  
  83  5:52  Extractor  
  83  5:53  Zergling x8  
  83  5:54  Overlord  
  83  5:55  Lair  
  83  5:56  Drone x2  
  90  6:02  Zergling x4  
  90  6:04  Baneling Nest  
  91  6:06  Spore Crawler  
  91  6:10  Zergling x6  
  93  6:17  Zergling x2  
  93  6:18  Zergling x10  
  98  6:23  Drone  
  100  6:26  Zergling x4, Hatchery  
  100  6:28  Zergling x6  
  104  6:35  Zergling x6  
  107  6:41  Pneumatized Carapace  
  107  6:42  Overlord  
  107  6:43  Zergling x4  
  107  6:46  Zergling x6  
  111  6:50  Zergling x6  
  110  6:54  Zergling x6  
  110  6:56  Centrifical Hooks  
  110  7:00  Drone  
  112  7:03  Drone x3  
  112  7:05  Drone  
  112  7:06  Drone x2, Infestation Pit  
  117  7:08  Hydralisk Den  
  117  7:09  Baneling x3  
  117  7:10  Drone, Baneling x2  
  116  7:15  Drone x2  
  116  7:17  Overlord  
  116  7:22  Zergling x8  
  120  7:23  Baneling x6  
  120  7:26  Drone  
  120  7:27  Drone, Queen  
  124  7:30  Spore Crawler  
  124  7:31  Zerg Ground Armor Level 2, Zerg Melee Weapons Level 2  
  124  7:33  Baneling  
  124  7:35  Zergling x10  
  124  7:36  Overlord  
  128  7:38  Drone  
  128  7:39  Drone x2  
  128  7:41  Overlord  
  128  7:43  Overlord  
  131  7:44  Drone  
  131  7:47  Overlord  
  131  7:51  Drone x3  
  134  7:53  Hive  
  134  7:56  Lurker Den  
  134  7:57  Drone x2  
  134  7:58  Extractor x2  
  134  8:03  Muscular Augments  
  134  8:05  Spore Crawler  
  132  8:06  Drone x3  
  130  8:21  Overlord  
  130  8:24  Hydralisk x6  
  130  8:26  Drone x2  
  144  8:29  Hatchery  
  144  8:30  Spore Crawler  
  144  8:32  Zergling x12  
  148  8:35  Overlord  
  141  8:44  Zergling x22  
  141  8:46  Baneling x4  
  152  8:51  Zergling x12  
  152  8:53  Zergling x2  
  152  8:55  Zergling x2, Hydralisk  
  147  8:56  Zergling x2  
  147  8:58  Hydralisk  
  147  9:01  Hydralisk  
  135  9:03  Zergling x4, Seismic Spines, Hydralisk  
  135  9:04  Zergling x2  
  138  9:12  Lurker x5  
  138  9:20  Zergling x16  
  138  9:23  Overlord  
  145  9:29  Drone x5  
  150  9:32  Viper  
  150  9:34  Zergling x6  
  150  9:37  Hydralisk  
  150  9:38  Zergling x6  
  161  9:40  Baneling  
  161  9:41  Baneling x2  
  161  9:44  Baneling  
  161  9:45  Baneling x5  
  159  9:47  Zergling x8  
  159  9:48  Zergling x2  
  159  9:51  Zergling x2  
  155  9:54  Hydralisk x2  
  155  9:59  Zergling x8  
  144  10:03  Zergling x2  
  144  10:04  Viper  
  144  10:06  Zergling x4  
  144  10:07  Queen  
  144  10:10  Zergling x8  
  144  10:11  Lurker  
  144  10:14  Zergling x2  
  147  10:16  Zergling x4  
  144  10:22  Zergling x2, Hydralisk x2  
  144  10:24  Hydralisk  
  144  10:25  Zergling x4  
  144  10:28  Drone  
  142  10:29  Queen  
  144  10:37  Zerg Ground Armor Level 3  
  144  10:38  Drone x2  
  144  10:41  Overlord  
  146  10:46  Hydralisk  
  146  10:47  Zergling x24  
  160  10:51  Hydralisk  
  160  10:56  Hydralisk x2  
  160  10:57  Zergling x2, Extractor  
  148  10:58  Zergling x2, Extractor, Hydralisk  
  148  11:01  Hydralisk  
  148  11:02  Zergling x4, Hydralisk  
  146  11:04  Zergling x4  
  146  11:08  Lurker x3  
  146  11:10  Drone x3  
  156  11:17  Adaptive Talons  
  156  11:18  Hydralisk  
  156  11:19  Zergling x6  
  156  11:22  Baneling x6  
  156  11:23  Zergling x4  
  156  11:24  Zergling x2  
  164  11:27  Hydralisk  
  164  11:28  Zergling x4  
  164  11:31  Hydralisk  
  159  11:34  Hydralisk  
  159  11:35  Zergling x6  
  159  11:38  Drone  
  159  11:39  Zergling x6  
  169  11:40  Zergling x4  
  169  11:41  Spore Crawler  
  169  11:43  Zerg Melee Weapons Level 3  
  167  11:53  Zergling x20  
  176  11:55  Zergling x2, Hydralisk  
  178  12:05  Hydralisk  
  178  12:06  Zergling x10  
  185  12:11  Zergling x10, Hydralisk  
  185  12:12  Zergling x2, Queen  
  186  12:21  Hydralisk  
  186  12:22  Zergling x10  
  192  12:23  Zergling x2, Baneling x3  
  192  12:24  Baneling x2  
  193  12:32  Baneling x7  
  193  12:34  Hydralisk x2  
  193  12:35  Zergling x6  
  200  12:37  Baneling x4  
  199  12:46  Hydralisk  
  199  12:50  Hydralisk  
  199  12:51  Zergling x12  
  198  12:54  Queen  
  197  13:02  Zergling x4  
  199  13:08  Overlord  
  199  13:09  Overlord  
  198  13:21  Lurker  
  198  13:23  Queen  
  198  13:24  Extractor  
  198  13:25  Extractor  
  197  13:30  Drone x2, Spire  
  194  13:35  Hatchery  
  194  13:37  Hydralisk  
  194  13:38  Zergling x2, Hydralisk x5  
  196  13:44  Baneling x7  
  196  13:52  Zergling x10  
  191  14:03  Zergling x20  
  191  14:04  Zergling x8  
  195  14:13  Zergling x2, Hydralisk  
  195  14:14  Zergling x8  
  195  14:17  Overlord  
Tags
 
Add a new tag
Caveats
  • Supply blocks, unpowered buildings, or Contaminate may cause inaccurate times.
  • Supply counts are checked every 10 seconds.